 Dungeon Crawl Stone Soup version 0.29-a0-334-gb41bcbb86e (webtiles) character file.

Game seed: 2113235981451851074

69606 garrulousMonolith the Geomancer (level 15, -1/96 HPs)
             Began as a Gargoyle Earth Elementalist on Apr 13, 2022.
             Was the Champion of Fedhas.
             Slain by a red ugly thing (25 damage)
             ... on level 14 of the Dungeon.
             The game lasted 00:43:37 (28857 turns).

garrulousMonolith the Geomancer (GrEE)             Turns: 28857, Time: 00:43:37

Health: -1/96      AC: 28    Str: 19    XL:     15   Next: 30%
Magic:  1/29       EV: 12    Int: 31    God:    Fedhas [******]
Gold:   1429       SH:  5    Dex:  7    Spells: 10/34 levels left

rFire   . . .      SeeInvis .   b - staff of earth
rCold   . . .      Faith    .   G - +0 buckler
rNeg    + + .      Spirit   .   U - +4 ring mail of the Grey Skies {rN+ rCorr Int+2 Dex-3}
rPois   ∞          Reflect  .   C - +2 hat
rElec   +          Harm     +   K - +0 cloak
rCorr   +          Rampage  .   Z - +2 pair of gloves "Zuech" {Harm rElec rPois Int+2}
Will    ++...                   (no boots)
Stlth   +.........              h - amulet of regeneration
HPRegen 1.06/turn               l - +6 ring of intelligence
MPRegen 0.21/turn               m - ring of Tozoba {Will+ Str+5}

@: flying
A: sickness immunity, AC +11, big wings, negative energy resistance 1,
electricity resistance, torment resistance 1, petrification resistance
a: Renounce Religion, Wall of Briars, Grow Ballistomycete, Overgrow, Grow Oklob


You were on level 14 of the Dungeon.
You worshipped Fedhas.
Fedhas was exalted by your worship.
You visited 2 branches of the dungeon, and saw 20 of its levels.
You also visited: Gauntlet.

You collected 1429 gold pieces.

Inventory:

Hand Weapons
 a - a +0 hunting sling
 n - a +0 war axe of venom
 y - a +2 short sword of venom
 J - a +1 broad axe
 T - the +8 falchion "Rorac" {flame, rElec rPois rF- Str+2}
   (You found it on level 10 of the Dungeon)

   It burns those it strikes, dealing additional fire damage.
   Big, fiery blades are also staple armaments of hydra-hunters.
   Str:       It affects your strength (+2).
   rF:        It makes you vulnerable to fire.
   rElec:     It insulates you from electricity.
   rPois:     It protects you from poison.
Missiles
 t - 7 boomerangs (quivered)
 u - 497 stones
 B - 9 curare-tipped darts
 F - 3 throwing nets
 M - 36 poisoned darts
 W - 11 silver javelins
Armour
 x - a +0 kite shield
 C - a +2 hat (worn)
 G - a +0 buckler (worn)
 K - a +0 cloak (worn)
 U - the +4 ring mail of the Grey Skies (worn) {rN+ rCorr Int+2 Dex-3}
   (You found it on level 10 of the Dungeon)

   Int:       It affects your intelligence (+2).
   Dex:       It affects your dexterity (-3).
   rN:        It protects you from negative energy.
   rCorr:     It protects you from acid and corrosion.
 Z - the +2 pair of gloves "Zuech" (worn) {Harm rElec rPois Int+2}
   (You found it in a Gauntlet)

   Int:       It affects your intelligence (+2).
   rElec:     It insulates you from electricity.
   rPois:     It protects you from poison.
   Harm:      It increases damage dealt and taken.
Magical Staves
 b - a staff of earth (weapon)
Jewellery
 h - an amulet of regeneration (around neck)
 j - a ring of see invisible
 k - a ring of willpower
 l - a +6 ring of intelligence (left hand)
 m - the ring of Tozoba (right hand) {Will+ Str+5}
   (You found it on level 4 of the Lair of Beasts)

   [ring of willpower]

   Str:       It affects your strength (+5).
   Will:      It increases your willpower.
 r - a +4 ring of protection
 A - a ring of wizardry
Wands
 d - a wand of paralysis (8)
 q - a wand of acid (1)
 s - a wand of digging (8)
 D - a wand of mindburst (4)
 I - a wand of polymorph (15)
 N - a wand of flame (33)
 R - a wand of iceblast (5)
Scrolls
 f - 7 scrolls of teleportation
 g - 5 scrolls of enchant weapon
 v - 2 scrolls of holy word
 w - 5 scrolls of blinking
 z - 2 scrolls of magic mapping
 L - 3 scrolls of fear
 Q - 3 scrolls of identify
 S - 3 scrolls of enchant armour
 V - 2 scrolls of amnesia
Potions
 c - 4 potions of cancellation
 e - 8 potions of brilliance
 i - 2 potions of invisibility
 p - 5 potions of haste
 E - 2 potions of curing
 O - 3 potions of might
 P - 3 potions of mutation
 X - a potion of heal wounds
 Y - 3 potions of resistance
Miscellaneous
 o - a condenser vane (inert)
 H - a box of beasts


   Skills:
 + Level 11.7 Fighting
 + Level 3.7 Staves
 - Level 7.0 Armour
 + Level 9.2 Dodging
 - Level 2.1 Stealth
 + Level 7.5 Shields
 + Level 10.0 Spellcasting
 - Level 10.0 Conjurations
 - Level 1.0 Transmutations
 - Level 14.0 Earth Magic
 - Level 10.0 Invocations


You had 10 spell levels left.
You knew the following spells:

 Your Spells              Type           Power      Damage    Failure   Level
a - Sandblast             Erth           100%       2d20      1%          1
b - Stone Arrow           Conj/Erth      100%       3d13      1%          3
c - Passwall              Tmut/Erth      62%        N/A       1%          2
d - Leda's Liquefaction   Hex/Erth       36%        N/A       3%          4
e - Apportation           Tloc           30%        N/A       7%          1
f - Animate Armour        Summ/Erth      100%       N/A       3%          4
g - Borgnjor's Vile Clut  Necr/Erth      36%        N/A       11%         5
h - Petrify               Tmut/Erth      75%        N/A       3%          4

Your spell library contained the following spells:

 Spells                   Type           Power      Damage    Failure   Level
 Conjure Flame            Conj/Fire      46%        6-21      2%          3
 Animate Skeleton         Necr           30%        N/A       7%          1
 Freeze                   Ice            60%        1d8       7%          1
 Slow                     Hex            60%        N/A       7%          1
 Summon Small Mammal      Summ           60%        N/A       7%          1
 Flame Wave               Conj/Fire      46%        2d10      9%          4
 Hailstorm                Conj/Ice       46%        3d11      9%          4
 Scorch                   Fire           30%        2d7       10%         2
 Call Canine Familiar     Summ           15%        N/A       21%         3
 Confusing Touch          Hex            15%        N/A       21%         3
 Frozen Ramparts          Ice            30%        1d5       21%         3
 Gell's Gravitas          Tloc           15%        N/A       21%         3
 Lesser Beckoning         Tloc           15%        N/A       21%         3
 Portal Projectile        Hex/Tloc       30%        N/A       21%         3
 Teleport Other           Tloc           15%        N/A       21%         3
 Tukima's Dance           Hex            15%        N/A       21%         3
 Vampiric Draining        Necr           15%        2d7       21%         3
 Passage of Golubria      Tloc           15%        N/A       54%         4
 Yara's Violent Unravell  Hex/Tmut       9%         3d6       83%         5
 Dispersal                Tloc           7%         N/A       100%        6
 Summon Cactus Giant      Summ           7%         N/A       100%        6
 Enfeeble                 Hex            7%         N/A       100%        7


Dungeon Overview and Level Annotations

Branches:
Dungeon (14/15)            Temple (0/1) D:7            Lair (6/6) D:10
 Shoals (0/4) Lair:4       Spider (0/4) Lair:4        Slime (0/5) Lair:6
    Orc (0/2) D:9          Vaults (0/5) D:13        Gauntlet (visited)

Altars:
Dithmenos
Elyvilon
Fedhas
Gozag
Kikubaaqudgha
Makhleb
Nemelex Xobeh
Okawaru
Sif Muna
Uskayaw
Vehumet
Xom
Yredelemnul

Shops:
D:1 *


Innate Abilities, Weirdness & Mutations

You are immune to sickness and miasma.
Your stone body is resilient. (AC +11)
You are immune to poison.
Your large and strong wings let you fly.
You resist negative energy. (rN+)
You are resistant to electric shocks. (rElec)
You are resistant to unholy torment.
You are immune to petrification.


Message History

The skeletal warrior hits you with a +1 short sword of electrocution.
As you read the scroll of teleportation, it crumbles to dust.
You feel strangely unstable.
A cyclops comes into view.
The skeletal warrior attacks as you move away!
The skeletal warrior hits you but does no damage. x2
The skeletal warrior attacks as you move away!
The skeletal warrior hits you but does no damage.
Your surroundings suddenly seem different. 3 red ugly things come into view.
Found a buckler.
The red ugly thing gurgles horribly! x3
The red ugly thing stings you but does no damage.
Casting: Sandblast (safe; 1% risk of failure)
Confirm with . or Enter, or press ? or * to list all spells.
Aiming: Sandblast (safe; 1% risk of failure)
Press: ? - help, Shift-Dir - straight line, f - red ugly thing
Aim: a red ugly thing (84% to hit)
You feel a surge of power!
The blast of sand hits the red ugly thing!
The red ugly thing is moderately wounded.
u - 498 stones The red ugly thing stings you!
You are engulfed in flames!
The red ugly thing stings you but does no damage.
Your magical contamination has completely faded away.
Casting: Sandblast (safe; 1% risk of failure)
Confirm with . or Enter, or press ? or * to list all spells.
Aiming: Sandblast (safe; 1% risk of failure)
Press: ? - help, Shift-Dir - straight line, f/p - red ugly thing
Aim: a red ugly thing (moderately wounded, 84% to hit)
You feel a surge of power!
The blast of sand hits the red ugly thing!
The red ugly thing is heavily wounded.
u - 497 stones The red ugly thing stings you.
You are engulfed in flames!!
The red ugly thing stings you!
* * * LOW HITPOINT WARNING * * *
You are engulfed in flames!!
You die...
Fedhas appreciates your contribution to the ecosystem.

####### .......
########.......
...............
..[............
...............
.....uu@.......
.......u...###+
...........#
.########..#
..# ..# .# .#


You could see 3 ugly things.

Vanquished Creatures
  Jorgrun (D:14)
  A minotaur (Gauntlet)
  Snorg (D:13)
  Erolcha (D:13)
  A boulder beetle (D:14)
  5 vault guards (D:13)
  5 hydras
  A catoblepas (Lair:6)
  An ogre mage (D:13)
  A centaur warrior (D:13)
  2 two-headed ogres
  An alligator (Lair:6)
  6 death yaks
  A deep troll shaman (Lair:6)
  A tengu warrior (D:13)
  Sonja (Lair:6)
  A skeletal warrior (D:14)
  An orange crystal statue (Lair:4)
  2 glowing orange brains (Gauntlet)
  A wizard (D:13)
  Pikel (D:8)
  8 ugly things
  6 cyclopes
  2 manticores
  Joseph (D:10)
  21 elephants
  A gargoyle (D:13)
  A black mamba (Lair:4)
  7 cane toads
  2 torpor snails
  An efreet (D:14)
  14 komodo dragons
  3 rime drakes
  A kobold demonologist (D:14)
  A yaktaur (D:13)
  A tengu conjurer (D:13)
  2 polar bears
  3 trolls
  2 hornets
  4 dream sheep
  12 blink frogs
  2 centaur simulacra (Gauntlet)
  A water elemental (D:12)
  A spriggan (Lair:3)
  A shadow (D:11)
  Eustachio (D:5)
  7 wraiths
  A vampire (D:12)
  8 basilisks
  9 wyverns
  Grum (D:8)
  A human (D:13)
  5 vampire mosquitoes
  4 steam dragons
  36 yaks
  4 fire bats (D:10)
  An acid dragon (D:12)
  A hell hound (D:10)
  17 water moccasins
  3 sky beasts
  3 ice beasts
  3 ogres
  4 orc warriors
  3 black bears
  An ice dragon simulacrum (Gauntlet)
  6 wolves
  5 centaurs
  A phantom (D:7)
  A lemure (D:8)
  7 kobold brigands
  9 bullfrogs
  A necrophage (D:7)
  3 scorpions
  A hornet simulacrum (D:8)
  9 killer bees
  7 electric eels
  5 howler monkeys
  2 lava snakes (D:10)
  2 hounds (D:6)
  A jelly (D:7)
  3 orc priests
  A gnoll shaman (D:5)
  Ijyb (D:4)
  2 iguanas
  10 orc wizards
  9 hell rats
  A killer bee simulacrum (D:8)
  8 adders
  6 gnolls
  9 river rats (Lair:2)
  A shadow imp (D:6)
  2 white imps
  A howler monkey simulacrum (D:8)
  3 ufetubi
  2 dart slugs
  30 orcs
  4 ball pythons
  An endoplasm (D:2)
  4 giant cockroaches
  14 goblins
  11 hobgoblins
  14 jackals
  4 quokkas
  3 bats
  3 frilled lizards
  68 kobolds
  5 rats
  3 fire vortices (D:10)
530 creatures vanquished.

Vanquished Creatures (collateral kills)
  2 death yaks (Lair:4)
  Urug (D:11)
  A black mamba (Lair:4)
  3 yaks (Lair:4)
  2 vampire mosquitoes (D:11)
  2 orcs (D:9)
  9 ballistomycete spores
20 creatures vanquished.

Vanquished Creatures (others)
  An orc wizard (D:8)
  2 ballistomycete spores
  24 demonic plants (Gauntlet)
  69 fungi
  111 plants
  4 withered plants (Gauntlet)
211 creatures vanquished.

Grand Total: 761 creatures vanquished

Notes
Turn   | Place    | Note
-------+----------+-------------------------------------------
     0 | D:1      | garrulousMonolith the Gargoyle Earth Elementalist began the
                  | quest for the Orb.
     0 | D:1      | Reached XP level 1. HP: 10/10 MP: 3/3
   286 | D:1      | Reached XP level 2. HP: 16/16 MP: 0/5
   296 | D:1      | Reached skill level 1 in Conjurations
   309 | D:1      | Reached skill level 4 in Earth Magic
   324 | D:1      | Reached skill level 1 in Transmutations
   747 | D:1      | Found Nynaoran's Assorted Antiques.
   759 | D:1      | Reached XP level 3. HP: 19/20 MP: 3/6
   766 | D:1      | Learned a level 3 spell: Stone Arrow
   769 | D:1      | Learned a level 2 spell: Passwall
  1467 | D:2      | Found a blossoming altar of Fedhas.
  1489 | D:2      | Reached skill level 1 in Fighting
  1607 | D:2      | Reached XP level 4. HP: 25/25 MP: 1/7
  1779 | D:2      | Found a faded altar of an unknown god.
  2039 | D:2      | Became a worshipper of Fedhas Madash
  2416 | D:3      | Found a shimmering blue altar of Sif Muna.
  2714 | D:3      | Reached * piety under Fedhas
  3245 | D:3      | Reached XP level 5. HP: 30/30 MP: 8/8
  3379 | D:3      | Noticed a kobold brigand
  3383 | D:3      | Noticed a kobold brigand
  3398 | D:3      | Killed a kobold brigand
  3399 | D:3      | Reached skill level 5 in Earth Magic
  3399 | D:3      | Reached skill level 1 in Invocations
  3411 | D:3      | Killed a kobold brigand
  3412 | D:3      | Reached XP level 6. HP: 25/35 MP: 3/9
  3760 | D:4      | Reached ** piety under Fedhas
  3787 | D:4      | Found an ancient bone altar of Kikubaaqudgha.
  3799 | D:4      | Noticed Ijyb
  3808 | D:4      | Killed Ijyb
  3994 | D:4      | Reached XP level 7. HP: 40/40 MP: 6/11
  4147 | D:4      | Noticed a +0 hand axe
  4147 | D:4      | Noticed a +0 hand axe
  4150 | D:4      | Found a hide-covered altar of Uskayaw.
  4643 | D:5      | Entered Level 5 of the Dungeon
  4680 | D:5      | Found a sparkling altar of Nemelex Xobeh.
  4681 | D:5      | Found a shimmering altar of Xom.
  4688 | D:5      | Reached skill level 6 in Earth Magic
  4861 | D:5      | Noticed Eustachio
  4864 | D:5      | Killed Eustachio
  4982 | D:5      | Reached XP level 8. HP: 46/46 MP: 8/12
  5656 | D:5      | Reached skill level 5 in Conjurations
  5895 | D:6      | Reached *** piety under Fedhas
  6000 | D:6      | Reached skill level 7 in Earth Magic
  6512 | D:6      | Found a shadowy altar of Dithmenos.
  7292 | D:7      | Found a basalt altar of Yredelemnul.
  7298 | D:7      | Reached XP level 9. HP: 52/52 MP: 6/14
  7357 | D:7      | Reached skill level 8 in Earth Magic
  7520 | D:7      | Found a radiant altar of Vehumet.
  7594 | D:7      | Found a staircase to the Ecumenical Temple.
  8017 | D:7      | Found a blossoming altar of Fedhas.
  8177 | D:7      | Found a white marble altar of Elyvilon.
  8279 | D:7      | Found an opulent altar of Gozag.
  8773 | D:8      | Reached **** piety under Fedhas
  8953 | D:8      | Found an iron altar of Okawaru.
  9028 | D:8      | Learned a level 4 spell: Petrify
  9055 | D:8      | Reached skill level 5 in Fighting
  9177 | D:8      | Reached skill level 9 in Earth Magic
  9269 | D:8      | Reached XP level 10. HP: 46/59 MP: 1/17
  9661 | D:8      | Reached skill level 5 in Invocations
  9700 | D:8      | Noticed Pikel
  9731 | D:8      | Killed Pikel
  9754 | D:8      | Noticed Grum
  9818 | D:8      | Killed Grum
  9819 | D:8      | Reached skill level 5 in Spellcasting
 10313 | D:9      | Reached skill level 10 in Earth Magic
 10471 | D:9      | Found a staircase to the Orcish Mines.
 10978 | D:9      | Reached ***** piety under Fedhas
 11425 | D:10     | Entered Level 10 of the Dungeon
 11529 | D:10     | Found a staircase to the Lair.
 11752 | D:10     | Found a burning altar of Makhleb.
 11771 | D:10     | Noticed Joseph
 11779 | D:10     | Killed Joseph
 11780 | D:10     | Reached skill level 1 in Armour
 11780 | D:10     | Reached skill level 5 in Dodging
 12093 | D:10     | Reached XP level 11. HP: 64/64 MP: 14/19
 13024 | D:10     | Identified the +8 falchion "Rorac" {flame, rElec rPois rF-
                  | Str+2}
 13259 | D:10     | Identified the +4 ring mail of the Grey Skies {rN+ rCorr
                  | Int+2 Dex-3}
 13302 | D:10     | Reached skill level 11 in Earth Magic
 13662 | D:11     | Noticed a two-headed ogre
 13673 | D:11     | Killed a two-headed ogre
 14046 | D:11     | Noticed a red ugly thing
 14050 | D:11     | Killed a red ugly thing
 14385 | D:11     | Noticed Urug
 14392 | D:11     | Killed Urug
 14802 | D:11     | Reached skill level 10 in Conjurations
 15094 | Lair:1   | Entered Level 1 of the Lair of Beasts
 15693 | Lair:1   | Reached XP level 12. HP: 72/72 MP: 3/21
 15697 | Lair:1   | Reached skill level 12 in Earth Magic
 16416 | Lair:2   | Found a gate leading to a gauntlet.
 16420 | Gauntlet | Entered a Gauntlet
 16420 | Gauntlet | Found a transporter.
 16420 | Gauntlet | Found a transporter.
 16420 | Gauntlet | Found a transporter.
 16440 | Gauntlet | Found a transporter.
 16452 | Gauntlet | Found a transporter.
 16471 | Gauntlet | Found a transporter.
 16477 | Gauntlet | Found a transporter.
 16485 | Gauntlet | Found a transporter.
 16503 | Gauntlet | Found a transporter.
 16511 | Gauntlet | Found a transporter.
 16529 | Gauntlet | Found a transporter.
 16552 | Gauntlet | Found a transporter.
 16715 | Gauntlet | Identified the +2 pair of gloves "Zuech" {Harm rElec rPois
                  | Int+2}
 16872 | Gauntlet | Noticed a minotaur
 16880 | Gauntlet | Killed a minotaur
 16975 | Gauntlet | Got Yrpheb's Handbook of Stones
 17383 | Lair:2   | Noticed a four-headed hydra
 17390 | Lair:2   | Killed a four-headed hydra
 17655 | Lair:2   | Reached skill level 5 in Armour
 17829 | Lair:2   | Reached skill level 13 in Earth Magic
 18755 | Lair:3   | Learned a level 1 spell: Apportation
 18760 | Lair:3   | Learned a level 4 spell: Animate Armour
 19022 | Lair:3   | Reached XP level 13. HP: 73/79 MP: 2/23
 19997 | Lair:4   | Found a hole to the Spider Nest.
 20048 | Lair:4   | Reached skill level 14 in Earth Magic
 20281 | Lair:4   | Learned a level 5 spell: Borgnjor's Vile Clutch
 20575 | Lair:4   | Found a staircase to the Shoals.
 20685 | Lair:4   | Reached skill level 1 in Shields
 21136 | Lair:4   | Identified the ring of Tozoba {Will+ Str+5}
 21144 | Lair:4   | Got Sif Muna's Disquisition on Twisted Conjuration
 22365 | Lair:6   | Entered Level 6 of the Lair of Beasts
 22748 | Lair:6   | Learned a level 4 spell: Leda's Liquefaction
 22932 | Lair:6   | Gained mutation: Your large and strong wings let you fly.
                  | [Gargoyle growth]
 22932 | Lair:6   | Reached XP level 14. HP: 73/87 MP: 19/26
 22985 | Lair:6   | HP: 3/87 [spore (42)]
 22994 | Lair:6   | Reached skill level 10 in Fighting
 23328 | Lair:6   | Reached skill level 10 in Invocations
 23669 | Lair:6   | Noticed Sonja
 23672 | Lair:6   | Killed Sonja
 23735 | Lair:6   | Reached skill level 5 in Shields
 24303 | Lair:6   | Found a staircase to the Slime Pits.
 26802 | D:13     | Reached skill level 1 in Staves
 26866 | D:13     | Reached ****** piety under Fedhas
 26992 | D:13     | Noticed Snorg
 27002 | D:13     | Killed Snorg
 27239 | D:13     | Found a gate to the Vaults.
 27424 | D:13     | Reached XP level 15. HP: 30/95 MP: 16/28
 27876 | D:13     | Noticed Erolcha
 27882 | D:13     | Killed Erolcha
 28669 | D:14     | Reached skill level 10 in Spellcasting
 28837 | D:14     | Noticed Jorgrun
 28841 | D:14     | Killed Jorgrun
 28857 | D:14     | Slain by a red ugly thing

Illustrated notes

Levels and vault maps discovered:
D:1:      zaba_arrival_water, layout_basic, serial_shops,
          nicolae_shop_behind_doors, kennysheep_flooded_box
D:2:      layout_basic, ebering_ecumenical_altar_abandoned, basic_altar,
          nicolae_elevator_lobby_asterisk
D:3:      minmay_goblin_kobold_castle, layout_basic,
          nicolae_sif_muna_little_library
D:4:      layout_loops_ring, dancing_weapons_uskayaw,
          nicolae_kikubaaqudgha_miasma_corner, uniq_ijyb
D:5:      layout_loops_ring, grunt_temple_overflow_open, corexii_shack,
          uniq_eustachio
D:6:      layout_loops_ring, grunt_dithmenos_smoke_and_mirrors,
          minmay_misc_feat_cross, hangedman_decor_diamond_cutter
D:7:      kennysheep_six_static_rooms, layout_basic,
          mainiacjoe_overflow_small_starburst, nicolae_vehumet_altar_sigil,
          mainiacjoe_overflow_catwalk, mainiacjoe_overflow_alcove_1,
          nicolae_gozag_cash_rules_everything_around_me
D:8:      layout_basic, kennysheep_okawaru_gauntlet, serial_ice, serial_ice_j,
          serial_ice_m, serial_ice_a, serial_ice_o, uniq_grum, uniq_pikel
D:9:      layout_roguey, david_orc_2, minivault_4
D:10:     layout_stronghold, mainiacjoe_overflow_alcove_2, david_lair_shrubbed,
          hangedman_incinerator, uniq_joseph
D:11:     layout_gridville, uniq_urug
D:12:     layout_basic
D:13:     layout_rooms, grunt_vaults_entry_fortified,
          chequers_serial_rivers_small_3, uniq_snorg, uniq_erolcha
D:14:     layout_irregular_city, nicolae_concentric_dashed_squares_mild,
          gammafunk_ghost_fury_of_okawaru, uniq_jorgrun
Lair:1:   layout_long_grid, serial_bayou, serial_bayou_pond_b,
          serial_bayou_pond_b, serial_bayou_ford_a, serial_bayou_shore_b,
          serial_bayou_pond_b, serial_bayou_lagoon_a, minmay_holes, st_stairs_8,
          grunt_megastairs_2
Lair:2:   layout_hall_layers, gauntlet_entry_generic, st_stairs_10,
          kennysheep_rathole
Lair:3:   layout_roguey, grunt_forest_large_clearing_hut
Lair:4:   statuecave_lemuel, layout_misc_corridors, shoals_dummy_entry,
          spider_nest_entry_a, infiniplex_staircase_pool_2
Lair:5:   layout_roguey, st_stairs_6, serial_bayou_shore_b, grunt_megastairs_1
Lair:6:   grunt_lair_end_beastmaster, layout_gridlike, slime_dummy, uniq_sonja

Skill      XL: |  1  2  3  4  5  6  7  8  9 10 11 12 13 14 15 |
---------------+----------------------------------------------+-----
Conjurations   | 1 2 3 4 5 7 8 10 | 10.0
Earth Magic    | 4 5 6 7 9 10 11 13 14 | 14.0
Transmutations | 1 |  1.0
Fighting       | 1 2 3 4 5 6 7 8 9 11 | 11.7
Dodging        | 2 3 4 5 6 7 8 9 |  9.2
Invocations    | 1 2 3 4 5 6 8 9 10 | 10.0
Spellcasting   | 3 4 5 6 7 8 9 10 | 10.0
Armour         | 1 3 5 7 |  7.0
Shields        | 3 6 7 |  7.5
Staves         | 2 3 |  3.7
Stealth        | |  2.1

Action                   |  1- 3 |  4- 6 |  7- 9 | 10-12 | 13-15 || total
-------------------------+-------+-------+-------+-------+-------++-------
Melee: Unarmed           |    38 |       |       |       |       ||    38
       Short sword       |     5 |    49 |    49 |    86 |    63 ||   252
       Dagger            |    15 |     2 |       |       |       ||    17
       Punch             |     1 |       |       |     1 |       ||     2
       Staff             |       |       |       |    34 |    49 ||    83
Throw: Boomerang         |       |       |       |     5 |       ||     5
 Cast: Sandblast         |    42 |    87 |    35 |    96 |   148 ||   408
       Stone Arrow       |       |     1 |    83 |   216 |   312 ||   612
       Petrify           |       |       |       |     2 |     1 ||     3
       Animate Armour    |       |       |       |     2 |       ||     2
       Leda's Liquefacti |       |       |       |       |     6 ||     6
       Borgnjor's Vile C |       |       |       |       |     3 ||     3
Invok: Wall of Briars    |       |       |     1 |     4 |       ||     5
       Grow Ballistomyce |       |       |       |     2 |     1 ||     3
       Overgrow          |       |       |       |     1 |     2 ||     3
Evoke: Wand              |       |       |     1 |    11 |    17 ||    29
       Condenser vane    |       |       |       |       |     2 ||     2
  Use: Scroll            |       |     4 |    12 |    12 |     5 ||    33
       Potion            |       |       |     1 |     3 |     5 ||     9
 Stab: Confused          |       |       |       |       |     1 ||     1
Armor: Leather armour    |    24 |    43 |    37 |    30 |       ||   134
       Scale mail        |       |       |       |    74 |       ||    74
       Ring mail         |       |       |       |    24 |   212 ||   236
       Steam dragon scal |       |       |       |    34 |       ||    34
Dodge: Dodged            |    34 |    65 |    56 |   200 |   157 ||   512
Block: Buckler           |       |       |       |       |    47 ||    47

Table legend: (Time is in decaauts)
 A = Elapsed time spent in this place.
 B = Non-inter-level travel time spent in this place.
 C = Inter-level travel time spent in this place.
 D = Time resting spent in this place.
 E = Time spent auto-exploring this place.
 F = Levels seen in this place.
 G = Mean time per level.
                   A        B        C        D        E       F      G
               +--------+--------+--------+--------+--------+-----+--------+
         Total |  29011 |  28207 |    804 |   7563 |  16880 |  21 | 1381.5 |
       Dungeon |  18862 |  18364 |    498 |   5293 |  10724 |  14 | 1347.3 |
          Lair |   9584 |   9278 |    306 |   1996 |   6000 |   6 | 1597.3 |
      Gauntlet |    564 |    564 |      0 |    274 |    155 |   1 |  564.0 |
               +--------+--------+--------+--------+--------+-----+--------+

Top non-repeatable levels by time:
  Lair:6: 2638 daAuts
    D:10: 2272 daAuts
    D:13: 1944 daAuts
     D:3: 1656 daAuts
  Lair:2: 1574 daAuts
     D:7: 1548 daAuts
  Lair:4: 1494 daAuts
     D:8: 1493 daAuts
    D:11: 1448 daAuts
    D:12: 1423 daAuts
     D:1: 1407 daAuts
  Lair:1: 1360 daAuts
     D:6: 1310 daAuts
  Lair:5: 1274 daAuts
  Lair:3: 1242 daAuts
